 Dungeon Crawl Stone Soup version 0.17.0-28-g6e173f8 (console) character file.

26727 Kloppie the Frost Mage (level 13, -6/111 HPs)
             Began as a Green Draconian Ice Elementalist on Dec 3, 2015.
             Was an Elder of Vehumet.
             Mangled by an eight-headed hydra (12 damage)
             ... on level 4 of the Lair of Beasts.
             The game lasted 00:55:43 (19188 turns).

Kloppie the Frost Mage (DrIE)                      Turns: 19188, Time: 00:55:43

Health: -6/111     AC: 19    Str: 11    XL:     13   Next: 0%
Magic:  0/19       EV: 17    Int: 19    God:    Vehumet [****..]
Gold:   922        SH:  5    Dex: 13    Spells: 5 memorised, 6 levels left

rFire  + . .     SeeInvis .     b - +2 flail (drain)
rCold  . . .     Clarity  .     (armour unavailable)
rNeg   . . .     SustAt   .     g - +0 buckler
rPois  +         Gourm    .     L - +0 hat
rElec  +         Spirit   .     y - +0 cloak
rCorr  .         Warding  .     t - +1 pair of gloves
rMut   .         Stasis   .     B - +0 pair of boots
MR     .....                    e - amulet of regeneration
Stlth  ++........               d - ring of protection from fire
                                G - ring of flight

@: icy armour, not resistant to hostile enchantments, unstealthy
A: breathe noxious fumes, unfitting armour, poison resistance, electricity
resistance, cold-blooded, AC +8
a: Breathe Noxious Fumes, Renounce Religion, Evoke Flight


You were on level 4 of the Lair of Beasts.
You worshipped Vehumet.
Vehumet was greatly pleased with you.
You were not hungry.

You visited 3 branches of the dungeon, and saw 15 of its levels.

You collected 982 gold pieces.
You spent 60 gold pieces at shops.

Inventory:

Hand Weapons
 a - a +1 long sword of flaming
 b - a +2 flail of draining (weapon)
 R - a +0 demon whip
Armour
 g - a +0 buckler (worn)
 t - a +1 pair of gloves (worn)
 y - a +0 cloak (worn)
 B - a +0 pair of boots (worn)
 E - a +0 shield
 L - a +0 hat (worn)
Magical Staves
 P - an uncursed staff of summoning
Jewellery
 d - a ring of protection from fire (right hand)
 e - an amulet of regeneration (around neck)
 u - an uncursed ring of ice {unknown}
 w - an uncursed amulet of warding
 G - a ring of flight (left hand)
Wands
 c - a wand of slowing (24)
 j - a wand of teleportation (5)
 K - a wand of disintegration (10)
 N - a wand of digging (13)
 O - a wand of disintegration (13)
Scrolls
 f - 6 scrolls of identify
 k - 4 scrolls of teleportation
 l - 7 scrolls of remove curse
 n - 4 scrolls of recharging
 s - a scroll of enchant armour {unknown}
 C - a scroll of magic mapping
 D - a scroll of fear
 M - a scroll of enchant weapon
Potions
 m - 6 potions of curing
 o - a potion of magic
 q - 3 potions of heal wounds
 r - 2 potions of agility
 v - a potion of brilliance {unknown}
 z - a potion of berserk rage
 A - a potion of might
 H - a potion of flight {unknown}
 I - 2 potions of resistance {unknown}
Comestibles
 h - 9 fruits
 i - 9 meat rations
 p - a beef jerky
 x - 7 bread rations
 F - 3 chunks of flesh


   Skills:
 - Level 9.0 Fighting
 - Level 4.0 Maces & Flails
 + Level 9.9 Dodging
 - Level 1.7 Stealth
 - Level 4.2 Shields
 - Level 4.4 Spellcasting
 - Level 4.0 Conjurations
 + Level 2.5 Charms
 - Level 14.6 Ice Magic


You had 6 spell levels left.
You knew the following spells:

 Your Spells              Type           Power        Failure   Level  Hunger
a - Freeze                Ice            ####         1%          1    None
b - Throw Frost           Conj/Ice       #####.       1%          2    #......
c - Ozocubu's Armour      Chrm/Ice       #####...     1%          3    ###....
d - Throw Icicle          Conj/Ice       #####...     1%          4    ####...
e - Condensation Shield   Ice            ######....   1%          4    ####...


Dungeon Overview and Level Annotations

Branches:
Dungeon (10/15)            Temple (1/1) D:7            Lair (4/8) D:8
    Orc (0/4) D:9
  Swamp: Lair:3-6    Shoals: Lair:3-6     Snake: Lair:3-6    Spider: Lair:3-6

Altars:
Ashenzari
Cheibriados
Dithmenos
Elyvilon
Fedhas
Gozag
Kikubaaqudgha
Makhleb
Nemelex Xobeh
Okawaru
Qazlal
Ru
Sif Muna
Trog
Vehumet
Xom
Yredelemnul
Zin
The Shining One

Shops:
D:9 ([   D:10 (:[!


Innate Abilities, Weirdness & Mutations

You can breathe blasts of noxious fumes.
Your lurid green scales are hard (AC +8).
Your body does not fit into most forms of armour.
Your system is resistant to poisons.
You are cold-blooded and may be slowed by cold attacks.
You are resistant to electric shocks.


Message History

The eight-headed hydra bites you!
* * * LOW HITPOINT WARNING * * *
The eight-headed hydra barely misses you.
The eight-headed hydra bites you.
* * * LOW HITPOINT WARNING * * *
The eight-headed hydra barely misses you.
The eight-headed hydra bites you but does no damage.
The eight-headed hydra closely misses you.
You block the eight-headed hydra's attack.
The eight-headed hydra bites you.
* * * LOW HITPOINT WARNING * * *
You sock the eight-headed hydra! You tail-slap the eight-headed hydra.
The eight-headed hydra is almost dead.
The eight-headed hydra bites you!
* * * LOW HITPOINT WARNING * * *
The eight-headed hydra misses you.
You block the eight-headed hydra's attack.
The eight-headed hydra closely misses you.
The eight-headed hydra bites you!
You die...

.D..##.#.... ...#####
#.#.P?###... ....##..
#........#..+###......
##....l.#.......##..?..
#/#...##..........###..
##...#.....|##....††#.P
###....).##...##.#†)##
##.D#..........†#..#
#.@#...⌠...⌠...#..# #
+........>.....#... # P
#..#...⌠...⌠......# #
#.#..#....÷.....##... #
#.##....##...#..#..## #
#..##....#..#.....## #
#.....#..........# #
###...###.....#.## #
### #....###.+#.###


You could see an eight-headed hydra.

Vanquished Creatures
  2 hydras
  Harold (Lair:1)
  Erolcha (D:9)
  Sonja (D:10)
  3 hill giants (D:10)
  A cyclops (D:9)
  5 black mambas
  3 spiny frogs
  2 komodo dragons
  A fire drake (Lair:1)
  A two-headed ogre (D:9)
  22 yaks
  A basilisk (Lair:3)
  A deep elf mage (D:10)
  4 hippogriffs
  2 hungry ghosts (D:10)
  5 wolves (Lair:3)
  Menkaure (D:7)
  4 porcupines
  3 water moccasins
  2 sky beasts
  A black bear (D:9)
  2 phantoms
  An orc warrior (D:10)
  2 centaurs
  2 necrophages (D:6)
  2 wasps
  3 ogres
  8 crocodiles
  19 giant frogs
  A gnoll sergeant (D:6)
  A wyvern zombie (D:10)
  3 scorpions
  6 killer bees (D:10)
  A quasit (D:7)
  8 crimson imps
  5 orc priests
  An iguana (Lair:3)
  6 jellies
  5 hounds
  13 orc wizards
  A centaur skeleton (D:4)
  4 giant frog skeletons
  12 worker ants
  8 sheep
  A killer bee zombie (D:9)
  2 worker ant zombies
  A hound skeleton (D:7)
  12 gnolls
  5 adders
  22 river rats
  9 shadow imps
  7 oozes
  An adder zombie (D:6)
  A worm (D:3)
  An adder skeleton (D:6)
  4 giant geckos
  47 orcs
  5 ball pythons
  7 bats
  7 giant cockroaches
  7 goblins
  5 hobgoblins
  10 jackals
  5 quokkas
  A giant gecko zombie (D:5)
  7 giant newts
  11 kobolds
  A quokka skeleton (D:10)
  9 rats
369 creatures vanquished.

Vanquished Creatures (others)
  An orc (D:4)
  3 bushes (D:8)
  6 fungi
  12 plants
22 creatures vanquished.

Grand Total: 391 creatures vanquished

Notes
Turn   | Place    | Note
--------------------------------------------------------------
     0 | D:1      | Kloppie the Draconian Ice Elementalist began the quest for the Orb.
     0 | D:1      | Reached XP level 1. HP: 14/14 MP: 3/3
   368 | D:1      | Reached XP level 2. HP: 7/20 MP: 0/5
  1398 | D:1      | Learned a level 2 spell: Throw Frost
  1414 | D:2      | Reached XP level 3. HP: 26/26 MP: 2/6
  1654 | D:2      | Reached skill level 4 in Ice Magic
  2572 | D:3      | Found a shattered altar of Ashenzari.
  2734 | D:3      | Found a snail-covered altar of Cheibriados.
  2758 | D:3      | Reached XP level 4. HP: 24/33 MP: 1/7
  3003 | D:3      | Reached skill level 5 in Ice Magic
  3525 | D:3      | Learned a level 3 spell: Ozocubu's Armour
  3654 | D:4      | Noticed a phantom
  3699 | D:4      | Reached XP level 5. HP: 28/38 MP: 8/8
  4180 | D:4      | Learned a level 4 spell: Throw Icicle
  4335 | D:4      | Reached XP level 6. HP: 23/45 MP: 8/10
  5081 | D:5      | Entered Level 5 of the Dungeon
  5129 | D:5      | Reached skill level 6 in Ice Magic
  5288 | D:5      | Found a glowing silver altar of Zin.
  5341 | D:5      | Killed a phantom
  5373 | D:5      | Your scales start taking on a lurid green colour.
  5373 | D:5      | Gained mutation: Your system is resistant to poisons. [Green Draconian growth]
  5373 | D:5      | Reached XP level 7. HP: 28/50 MP: 3/12
  5991 | D:5      | Found a bloodstained altar of Trog.
  6258 | D:6      | Reached skill level 1 in Fighting
  6258 | D:6      | Reached skill level 7 in Ice Magic
  6500 | D:6      | Found a deep blue altar of Sif Muna.
  6943 | D:6      | Reached XP level 8. HP: 62/62 MP: 7/13
  7986 | D:7      | Reached skill level 8 in Ice Magic
  8059 | D:7      | Gained mutation: You are resistant to electric shocks. [potion of beneficial mutation]
  8154 | D:7      | Found a staircase to the Ecumenical Temple.
  8209 | Temple   | Entered the Ecumenical Temple
  8262 | Temple   | Became a worshipper of Vehumet
  8682 | D:7      | Noticed Menkaure
  8732 | D:7      | HP: 2/67 [Menkaure (11)]
  8733 | D:7      | Killed Menkaure
  8733 | D:7      | Reached skill level 5 in Fighting
  8976 | D:7      | Reached XP level 9. HP: 74/74 MP: 10/14
  9047 | D:7      | Found a glowing golden altar of the Shining One.
  9048 | D:7      | Found a white marble altar of Elyvilon.
  9060 | D:7      | Found a glowing silver altar of Zin.
  9124 | D:7      | Learned a level 4 spell: Condensation Shield
  9279 | D:8      | Reached * piety under Vehumet
  9279 | D:8      | Offered knowledge of Magic Dart by Vehumet.
  9282 | D:8      | Reached skill level 5 in Dodging
  9542 | D:7      | Reached skill level 9 in Ice Magic
  9987 | D:8      | Found a staircase to the Lair.
 10279 | D:7      | Reached XP level 10. HP: 55/86 MP: 10/15
 10540 | D:8      | Reached skill level 10 in Ice Magic
 10622 | Lair:1   | Entered Level 1 of the Lair of Beasts
 10640 | Lair:1   | Offered knowledge of Shock by Vehumet.
 10642 | Lair:1   | Noticed Harold
 10697 | D:9      | Found Jyteossu's Weapon Shoppe.
 10698 | D:9      | Found a staircase to the Orcish Mines.
 10705 | D:9      | Reached ** piety under Vehumet
 10727 | D:9      | Found Vonidd's Armour Shoppe.
 10907 | D:9      | Noticed Erolcha
 10920 | D:9      | Killed Erolcha
 11005 | D:9      | Noticed a cyclops
 11017 | D:9      | Killed a cyclops
 11844 | D:10     | Entered Level 10 of the Dungeon
 11916 | D:10     | Noticed a hill giant
 12205 | D:10     | Reached skill level 13 in Ice Magic
 12205 | D:10     | Reached XP level 11. HP: 97/97 MP: 16/16
 12618 | D:10     | Found Zutruwegg's Distillery.
 12624 | D:10     | Found Datux's Armour Shoppe.
 12640 | D:10     | Offered knowledge of Mephitic Cloud by Vehumet.
 12649 | D:10     | Found Esemit's Book Shoppe.
 12745 | D:10     | Bought a +0 hat for 60 gold pieces
 12787 | D:10     | Killed a hill giant
 12787 | D:10     | Reached skill level 1 in Shields
 12906 | D:10     | Found Ofymido's Weapon Boutique.
 12940 | D:10     | Noticed Sonja
 13303 | D:10     | Noticed a hill giant
 13318 | D:10     | Killed a hill giant
 13919 | D:10     | Noticed a hill giant
 13936 | D:10     | Killed a hill giant
 13936 | D:10     | Reached XP level 12. HP: 42/104 MP: 6/17
 14131 | D:10     | Killed Sonja
 14131 | D:10     | Reached *** piety under Vehumet
 14828 | Lair:1   | Reached skill level 14 in Ice Magic
 14941 | Lair:1   | Killed Harold
 15750 | Lair:1   | Offered knowledge of Sticky Flame by Vehumet.
 15906 | Lair:2   | Reached skill level 1 in Maces & Flails
 16304 | Lair:2   | Noticed a five-headed hydra
 16336 | Lair:2   | Killed a five-headed hydra
 18372 | Lair:4   | Noticed a seven-headed hydra
 18391 | Lair:4   | Killed a seven-headed hydra
 18391 | Lair:4   | Reached skill level 1 in Charms
 18606 | Lair:4   | Reached **** piety under Vehumet
 18797 | Lair:4   | Noticed an eight-headed hydra
 19084 | Lair:3   | Reached XP level 13. HP: 87/111 MP: 12/19
 19188 | Lair:4   | Mangled by an eight-headed hydra

Action                   |  1- 3 |  4- 6 |  7- 9 | 10-12 | 13-15 || total
-------------------------+-------+-------+-------+-------+-------++-------
Melee: Club              |    20 |       |       |       |       ||    20
       Hand axe          |    76 |     6 |       |       |       ||    82
       Flail             |       |   122 |   197 |   610 |     6 ||   935
       Long sword        |       |       |   170 |       |       ||   170
       Demon whip        |       |       |       |    10 |       ||    10
Throw: Stone             |     5 |    20 |     4 |       |       ||    29
 Cast: Freeze            |    42 |    37 |   136 |   272 |    16 ||   503
       Ozocubu's Armour  |       |     1 |    19 |    33 |     1 ||    54
       Throw Icicle      |       |     1 |     4 |     9 |     2 ||    16
       Throw Frost       |       |       |    16 |    21 |       ||    37
       Condensation Shie |       |       |     1 |    12 |       ||    13
 Abil: Breathe Noxious F |       |       |       |     2 |       ||     2
  Use: Scroll            |       |       |    14 |     7 |       ||    21
       Potion            |       |       |     2 |     1 |       ||     3
 Stab: Sleeping          |     2 |     2 |     2 |    10 |       ||    16
       Confused          |       |       |       |     7 |       ||     7
  Eat: Chunk             |     6 |     9 |    20 |    39 |     1 ||    75
       Beef jerky        |       |       |     1 |       |       ||     1
       Bread ration      |       |       |       |     1 |       ||     1
       Pizza             |       |       |       |     2 |       ||     2
       Fruit             |       |       |       |     3 |       ||     3
